 Dungeon Crawl Stone Soup version 0.29.0-4-gdea44cf6ec (webtiles) character file.

Game seed: 11096366839900723338

8691 qw the Severer (level 11, 0/94 HPs)
             Began as a Minotaur Berserker on Sept 9, 2022.
             Was a Priest of Trog.
             Slain by an eight-headed hydra (7 damage)
             ... on level 1 of the Lair of Beasts.
             The game lasted 00:03:15 (11426 turns).

qw the Severer (Minotaur Berserker)                Turns: 11426, Time: 00:03:16

Health: 0/94       AC: 16    Str: 27    XL:     11   Next: 13%
Magic:  10/10      EV:  6    Int:  4    God:    Trog [***...]
Gold:   406        SH: 10    Dex:  9    Spells: 10/10 levels left

rFire   . . .      SeeInvis +   n - -2 eveningstar (venom)
rCold   . . .      Faith    .   j - +0 kite shield
rNeg    . . .      Spirit   .   o - +0 plate armour
rPois   +          Reflect  .   (helmet unavailable)
rElec   .          Harm     .   d - +0 cloak {rPois}
rCorr   .          Rampage  .   (no gloves)
Will    .....                   a - +1 pair of boots
Stlth   ..........              (no amulet)
HPRegen 0.25/turn               g - ring of see invisible
MPRegen 0.12/turn               (no ring)

@: no status effects
A: horns 3, retaliatory headbutt, wild magic 1
a: Renounce Religion, Berserk, Trog's Hand


You were on level 1 of the Lair of Beasts.
You worshipped Trog.
Trog was most pleased with you.
You visited 2 branches of the dungeon, and saw 10 of its levels.

You collected 496 gold pieces.
You spent 90 gold pieces at shops.


Innate Abilities, Weirdness & Mutations

You have a pair of large horns on your head.
You reflexively headbutt those who attack you in melee.
Your spells are a little harder to cast, but a little more powerful.


   Skills:
 + Level 8.1 Fighting
 - Level 15.1 Axes
 - Level 2.0 Throwing
 - Level 7.1 Armour
 - Level 2.1 Dodging
 - Level 10.1 Shields


You had 10 spell levels left.
You didn't know any spells.
Your spell library was empty.

Inventory:

Hand Weapons
 n - a -2 eveningstar of venom (weapon)
 Y - a -3 war axe of freezing
Missiles
 e - 6 boomerangs (quivered)
Armour
 a - a +1 pair of boots (worn)
 d - a +0 cloak of poison resistance (worn)
 h - a scarf of repulsion
 j - a +0 kite shield (worn)
 o - a +0 plate armour (worn)
Jewellery
 g - a ring of see invisible (left hand)
Scrolls
 i - 7 scrolls of identify
 m - a scroll of teleportation
Potions
 c - 2 potions of mutation
 f - 2 potions of heal wounds
 l - 2 potions of curing

Dungeon Overview and Level Annotations

Branches:
Dungeon (8/15)             Temple (0/1) D:4            Lair (2/5) D:8
  Swamp: Lair:2-3    Shoals: Lair:2-3     Snake: Lair:2-3    Spider: Lair:2-3

Altars:
Cheibriados
Dithmenos
Trog
Vehumet
Xom
Zin
The Shining One

Annotations:
D:6 2 transporters, qw's ghost, novice MiBe
D:7 1 runed translucent door, Crazy Yiuf


Message History

You recover from your berserk rage.
Done waiting.
Done exploring.
(D) Dungeon (T) Temple (L) Lair
Where to? (* - list waypoints, Enter - Lair:2, ? - help)
What level of the Lair of Beasts? (default 1, ? - help)
You climb downwards.
The death yak gores you but does no damage.
The death yak gores you! The eight-headed hydra bites you!
You block the eight-headed hydra's attack. x2
The eight-headed hydra completely misses you.
The eight-headed hydra bites you but does no damage.
The eight-headed hydra barely misses you.
You block the eight-headed hydra's attack.
The eight-headed hydra bites you! The death yak barely misses you.
The death yak gores you!
There is a stone staircase leading up, spattered with blood here.
11424 ||| STAIRDANCE The eight-headed hydra barely misses you.
You block the eight-headed hydra's attack.
The eight-headed hydra bites you but does no damage.
The eight-headed hydra closely misses you.
The eight-headed hydra barely misses you.
The eight-headed hydra bites you. The eight-headed hydra bites you! x2
The death yak gores you. x2
The boulder beetle curls into a ball and begins rolling!
You climb upwards.
There is a stone staircase leading down here.
11426 ||| SWAPPING to -2 eveningstar of venom.
Your -3 war axe of freezing stops glowing.
Your -2 eveningstar of venom begins to drip with poison!
n - a -2 eveningstar of venom (weapon)
The eight-headed hydra closely misses you.
You furiously retaliate!
You headbutt the eight-headed hydra. The eight-headed hydra bites you.
The eight-headed hydra bites you but does no damage.
The eight-headed hydra bites you! x2; The eight-headed hydra bites you.
You block the eight-headed hydra's attack.
The eight-headed hydra bites you!
You die...

##.+## ##.# ##.# #.## #..#
#..# ###.## ########'####
#.#..## #...........#
##....# #..........##
#####....######..........#
...##....#P(..'.Y........#
##..........##.Y@........#
#..#...>.######D.........#
#####....# #.#####.#+###
#....# ### #....# #..###
#.#### ##..## ##.# ###..##
#..# #####.#+..# ###..#
### #........##
##.#+.####P#


You could see 2 death yaks and an eight-headed hydra.

Vanquished Creatures
  A death yak (Lair:2)
  Pikel (D:7)
  Maurice (D:8)
  Joseph (D:8)
  A cane toad (Lair:1)
  A kobold demonologist (D:7)
  Maggie (D:8)
  3 komodo dragons (Lair:1)
  A wyvern (D:8)
  9 yaks (Lair:1)
  9 water moccasins
  2 ice beasts
  2 sky beasts
  3 black bears
  5 wolves (Lair:1)
  4 ogres
  4 lemures (D:7)
  A centaur (D:6)
  A phantom (D:7)
  Blork the orc (D:5)
  4 bullfrogs
  A gnoll sergeant (D:7)
  7 scorpions
  2 hounds (D:6)
  A jelly (D:5)
  3 orc priests
  2 iguanas (D:5)
  5 orc wizards
  7 hell rats (Lair:1)
  6 gnolls
  7 adders
  3 shadow imps
  A white imp (D:3)
  3 ufetubi
  7 dart slugs
  21 orcs
  5 ball pythons
  7 endoplasms
  3 giant cockroaches
  8 goblins
  7 hobgoblins
  3 quokkas
  6 bats
  3 frilled lizards
  8 kobolds
  8 rats
190 creatures vanquished.

Vanquished Creatures (others)
  25 fungi
  19 plants
44 creatures vanquished.

Grand Total: 234 creatures vanquished

Notes
Turn   | Place    | Note
-------+----------+-------------------------------------------
     0 | D:1      | qw the Minotaur Berserker began the quest for the Orb.
     0 | D:1      | Reached XP level 1. HP: 19/19 MP: 0/0
     0 | D:1      | 0 ||| qw: Version: 0.1-a-113-g051387a
     0 | D:1      | 0 ||| qw: Game counter: 7022
     0 | D:1      | 0 ||| qw: Always use a shield: true
     0 | D:1      | 0 ||| qw: Do Orc after D:15 true
     0 | D:1      | 0 ||| qw: Do second Lair branch before Depths: true
     0 | D:1      | 0 ||| qw: Lair rune preference: random
     0 | D:1      | 0 ||| qw: Plans: Normal
     0 | D:1      | 0 ||| PLANNING D:1-11
   105 | D:1      | 105 ||| Stepping ~*~*~tactically~*~*~ (stealth).
   118 | D:1      | 118 ||| Stepping ~*~*~tactically~*~*~ (stealth).
   121 | D:1      | 121 ||| Stepping ~*~*~tactically~*~*~ (stealth).
   122 | D:1      | 122 ||| Stepping ~*~*~tactically~*~*~ (stealth).
   275 | D:1      | Reached skill level 4 in Axes
   313 | D:1      | Reached XP level 2. HP: 26/26 MP: 1/1
   415 | D:1      | 415 ||| Stepping ~*~*~tactically~*~*~ (hiding).
   871 | D:1      | Reached skill level 5 in Axes
  1131 | D:1      | 1131 ||| UPGRADING to +0 scale mail.
  1141 | D:1      | 1141 ||| DROPPING +0 animal skin.
  1142 | D:1      | 1142 ||| DROPPING scarf of shadows.
  1143 | D:1      | 1143 ||| READING scroll labelled HEIDEH FETH.
  1144 | D:1      | 1144 ||| READING scroll labelled SIUKHU DUASO.
  1145 | D:1      | 1145 ||| READING scroll labelled QUEREC KOVAA.
  1155 | D:2      | 1155 ||| STAIRDANCE
  1161 | D:2      | 1161 ||| STAIRDANCE
  1165 | D:1      | Reached XP level 3. HP: 26/31 MP: 2/2
  1245 | D:2      | Reached ** piety under Trog
  1332 | D:2      | Noticed an ogre
  1333 | D:2      | 1333 ||| INVOKING Berserk.
  1334 | D:2      | Killed an ogre
  1335 | D:2      | Reached skill level 6 in Axes
  1335 | D:2      | Reached XP level 4. HP: 39/39 MP: 3/3
  1394 | D:2      | 1394 ||| DROPPING +0 whip.
  1452 | D:2      | 1452 ||| Stepping ~*~*~tactically~*~*~ (hiding).
  1521 | D:2      | Reached XP level 5. HP: 44/45 MP: 4/4
  1697 | D:2      | Reached skill level 7 in Axes
  1752 | D:2      | Found a snail-covered altar of Cheibriados.
  1914 | D:2      | 1914 ||| UPGRADING to +0 pair of boots.
  1919 | D:2      | 1919 ||| READING scroll labelled OGOUSS EDEPH.
  1920 | D:2      | 1920 ||| DRINKING 2 smoky cyan potions.
  1921 | D:2      | 1921 ||| DRINKING 2 pink potions.
  1922 | D:2      | 1922 ||| DRINKING 2 blue potions.
  1923 | D:2      | 1923 ||| DROPPING potion of degeneration.
  1924 | D:2      | 1924 ||| DROPPING potion of flight.
  2281 | D:3      | 2281 ||| Stepping ~*~*~tactically~*~*~ (hiding).
  2336 | D:3      | Noticed an ogre
  2338 | D:3      | 2338 ||| INVOKING Berserk.
  2340 | D:3      | Killed an ogre
  2696 | D:3      | 2696 ||| READING scroll labelled TUC ODENTUI.
  2700 | D:3      | 2700 ||| READING scroll labelled JOCOOC NAUMPEU.
  2701 | D:3      | 2701 ||| READING scroll labelled VOIBBE ZIOHYIN.
  2702 | D:3      | 2702 ||| READING scroll labelled FUUDIYDIDGHY.
  2703 | D:3      | 2703 ||| DRINKING 2 puce potions.
  2703 | D:3      | Gained mutation: Your system is resistant to poisons.
                  | (rPois) [potion of mutation]
  2703 | D:3      | Lost mutation: Your system is resistant to poisons. (rPois)
                  | [potion of mutation]
  2703 | D:3      | Gained mutation: Your spells are a little harder to cast,
                  | but a little more powerful. [potion of mutation]
  2703 | D:3      | Gained mutation: You have a pair of large horns on your
                  | head. [potion of mutation]
  2704 | D:3      | 2704 ||| Stepping randomly (stuck).
  2705 | D:3      | 2705 ||| Stepping ~*~*~tactically~*~*~ (cloud).
  2849 | D:4      | Found a staircase to the Ecumenical Temple.
  2888 | D:4      | Reached XP level 6. HP: 52/52 MP: 5/5
  2951 | D:4      | 2951 ||| Stepping ~*~*~tactically~*~*~ (stealth).
  2952 | D:4      | 2952 ||| Stepping ~*~*~tactically~*~*~ (stealth).
  2998 | D:4      | 2998 ||| DROPPING +3 whip of holy wrath.
  3006 | D:4      | Found a bloodstained altar of Trog.
  3009 | D:4      | Found a shadowy altar of Dithmenos.
  3012 | D:4      | Found a radiant altar of Vehumet.
  3201 | D:4      | 3201 ||| Stepping ~*~*~tactically~*~*~ (stealth).
  3203 | D:4      | 3203 ||| Stepping ~*~*~tactically~*~*~ (stealth).
  3331 | D:4      | Reached skill level 8 in Axes
  3490 | D:4      | Reached skill level 9 in Axes
  3490 | D:4      | Reached XP level 7. HP: 55/59 MP: 6/6
  3719 | D:4      | 3719 ||| SWAPPING to -3 war axe.
  3720 | D:4      | 3720 ||| DROPPING +0 flail.
  3721 | D:4      | 3721 ||| DROPPING +1 hand axe.
  3975 | D:4      | 3975 ||| UPGRADING to +0 kite shield.
  3980 | D:4      | 3980 ||| UPGRADING to +0 plate armour.
  3990 | D:4      | 3990 ||| DROPPING +0 scale mail.
  3991 | D:4      | 3991 ||| READING scroll labelled HOUHED OFRI.
  3992 | D:4      | 3992 ||| DRINKING 2 glowing clear potions.
  4093 | D:4      | 4093 ||| DRINKING 2 bubbling orange potions.
  4094 | D:4      | 4094 ||| READING 2 scrolls of identify.
  4094 | D:4      | 4094 ||| IDENTIFYING silvery potion
  4095 | D:4      | 4095 ||| DROPPING potion of brilliance.
  4096 | D:4      | 4096 ||| DROPPING potion of ambrosia.
  4097 | D:4      | 4097 ||| DROPPING potion of magic.
  4135 | D:5      | Entered Level 5 of the Dungeon
  4192 | D:5      | Reached skill level 1 in Shields
  4203 | D:5      | 4203 ||| Stepping ~*~*~tactically~*~*~ (hiding).
  4206 | D:5      | 4206 ||| INVOKING Berserk.
  4403 | D:5      | 4403 ||| INVOKING Berserk.
  4562 | D:5      | Reached skill level 3 in Shields
  4672 | D:5      | 4672 ||| Stepping ~*~*~tactically~*~*~ (stealth).
  4697 | D:5      | 4697 ||| Stepping ~*~*~tactically~*~*~ (stealth).
  4735 | D:5      | Noticed Blork the orc
  4736 | D:5      | 4736 ||| Stepping ~*~*~tactically~*~*~ (hiding).
  4738 | D:5      | 4738 ||| Stepping ~*~*~tactically~*~*~ (hiding).
  4742 | D:5      | 4742 ||| INVOKING Berserk.
  4746 | D:5      | Killed Blork the orc
  4892 | D:5      | 4892 ||| Stepping ~*~*~tactically~*~*~ (hiding).
  4894 | D:5      | Reached XP level 8. HP: 66/68 MP: 7/7
  4894 | D:5      | 4894 ||| Stepping ~*~*~tactically~*~*~ (hiding).
  4895 | D:5      | 4895 ||| Stepping ~*~*~tactically~*~*~ (hiding).
  4923 | D:5      | Found a glowing golden altar of the Shining One.
  4992 | D:5      | 4992 ||| Stepping ~*~*~tactically~*~*~ (stealth).
  4994 | D:5      | Reached *** piety under Trog
  5183 | D:5      | 5183 ||| READING scroll labelled MEUSAEVASK.
  5184 | D:5      | 5184 ||| READING scroll labelled JAOFESHR NOMOUG.
  5185 | D:5      | 5185 ||| READING scroll labelled QIAMEP ZUCKIPH.
  5186 | D:5      | 5186 ||| DRINKING 2 cyan potions.
  5187 | D:5      | 5187 ||| DRINKING 2 red potions.
  5188 | D:5      | 5188 ||| DROPPING potion of attraction.
  5201 | D:6      | 5201 ||| Stepping ~*~*~tactically~*~*~ (hiding).
  5258 | D:6      | Found a transporter.
  5263 | D:6      | Found a transporter.
  5274 | D:6      | Noticed qw's ghost (novice MiBe)
  5518 | D:6      | Reached skill level 3 in Armour
  5528 | D:6      | 5528 ||| INVOKING Berserk.
  5783 | D:6      | Reached skill level 6 in Shields
  6209 | D:6      | 6209 ||| READING scroll labelled FEMATYZXUGG.
  6302 | D:7      | 6302 ||| Stepping ~*~*~tactically~*~*~ (stealth).
  6304 | D:7      | 6304 ||| Stepping ~*~*~tactically~*~*~ (hiding).
  6307 | D:7      | 6307 ||| Stepping ~*~*~tactically~*~*~ (hiding).
  6330 | D:7      | Reached skill level 10 in Axes
  6359 | D:7      | Found a flagged portal.
  6396 | D:7      | 6396 ||| Stepping ~*~*~tactically~*~*~ (hiding).
  6402 | D:7      | 6402 ||| INVOKING Berserk.
  6407 | D:7      | Reached skill level 6 in Fighting
  6525 | D:7      | Identified the +2 robe of Ignis's Envy {rCorr MP+9 Stlth+}
  6640 | D:7      | Noticed a kobold demonologist
  6650 | D:7      | Noticed a smoke demon
  6653 | D:7      | Noticed a red devil
  6654 | D:7      | 6654 ||| INVOKING Berserk.
  6658 | D:7      | HP: 23/105 [smoke demon/ball of steam[a kobold
                  | demonologist] (6)]
  6659 | D:7      | Noticed a soul eater
  6660 | D:7      | Killed a kobold demonologist
  6661 | D:7      | Reached skill level 11 in Axes
  6661 | D:7      | Reached XP level 9. HP: 21/75 MP: 8/8
  6662 | D:7      | HP: 9/112 [barbs]
  6664 | D:7      | HP: 1/112 [orc/+0 mace (5)]
  7173 | D:7      | Found a snail-covered altar of Cheibriados.
  7194 | D:7      | Noticed Pikel
  7198 | D:7      | 7198 ||| FLEEEEING.
  7199 | D:7      | 7199 ||| FLEEEEING.
  7200 | D:7      | 7200 ||| FLEEEEING.
  7201 | D:7      | 7201 ||| FLEEEEING.
  7202 | D:7      | 7202 ||| FLEEEEING.
  7203 | D:7      | 7203 ||| FLEEEEING.
  7204 | D:7      | 7204 ||| FLEEEEING.
  7206 | D:7      | 7206 ||| INVOKING Berserk.
  7211 | D:7      | Killed Pikel
  7212 | D:7      | Reached skill level 6 in Armour
  7414 | D:7      | Found a runed translucent door.
  7415 | D:7      | Noticed Crazy Yiuf
  7825 | D:7      | 7825 ||| DROPPING amulet of magic regeneration.
  7918 | D:8      | 7918 ||| INVOKING Berserk.
  7928 | D:8      | Reached skill level 12 in Axes
  8010 | D:8      | 8010 ||| Stepping ~*~*~tactically~*~*~ (stealth).
  8011 | D:8      | 8011 ||| Stepping ~*~*~tactically~*~*~ (stealth).
  8014 | D:8      | Found a staircase to the Lair.
  8368 | D:8      | 8368 ||| INVOKING Berserk.
  8529 | D:8      | Found a glowing silver altar of Zin.
  8529 | D:8      | Found Zin's Purification Station.
  8530 | D:8      | 8530 ||| Stepping ~*~*~tactically~*~*~ (hiding).
  8533 | D:8      | 8533 ||| INVOKING Berserk.
  8557 | D:8      | Reached XP level 10. HP: 69/86 MP: 9/9
  8566 | D:8      | 8566 ||| FLEEEEING.
  8567 | D:8      | 8567 ||| FLEEEEING.
  8572 | D:8      | 8572 ||| FLEEEEING.
  8573 | D:8      | 8573 ||| FLEEEEING.
  8574 | D:8      | 8574 ||| FLEEEEING.
  8575 | D:8      | 8575 ||| FLEEEEING.
  8576 | D:8      | 8576 ||| FLEEEEING.
  8579 | D:8      | 8579 ||| FLEEEEING.
  8581 | D:8      | 8581 ||| FLEEEEING.
  8582 | D:8      | 8582 ||| FLEEEEING.
  8583 | D:8      | 8583 ||| FLEEEEING.
  8584 | D:8      | 8584 ||| FLEEEEING.
  8585 | D:8      | 8585 ||| FLEEEEING.
  8587 | D:8      | 8587 ||| FLEEEEING.
  8588 | D:8      | 8588 ||| FLEEEEING.
  8633 | D:8      | Noticed Maggie
  8634 | D:8      | 8634 ||| Stepping ~*~*~tactically~*~*~ (hiding).
  8639 | D:8      | Killed Maggie
  8640 | D:8      | Reached skill level 9 in Shields
  8681 | D:8      | 8681 ||| BUYING potion of curing (90 gold).
  8681 | D:8      | Bought a potion of curing for 90 gold pieces
  8718 | D:8      | Noticed Maurice
  8722 | D:8      | 8722 ||| DRINKING 3 potions of curing.
  8722 | D:8      | 8722 ||| (to cure confusion)
  8733 | D:8      | Killed Maurice
  9088 | D:8      | Noticed Joseph
  9089 | D:8      | 9089 ||| Stepping ~*~*~tactically~*~*~ (hiding).
  9103 | D:8      | Killed Joseph
  9104 | D:8      | Reached skill level 13 in Axes
  9332 | D:8      | 9332 ||| PLANNING LAIR
  9332 | D:8      | 9332 ||| UPGRADING to +0 cloak of poison resistance.
  9337 | D:8      | 9337 ||| UPGRADING to ring of see invisible.
  9338 | D:8      | 9338 ||| READING 7 scrolls of identify.
  9338 | D:8      | 9338 ||| IDENTIFYING fuming green potion
  9339 | D:8      | 9339 ||| DROPPING potion of berserk rage.
  9390 | Lair:1   | Entered Level 1 of the Lair of Beasts
  9563 | Lair:1   | 9563 ||| INVOKING Berserk.
  9716 | Lair:1   | 9716 ||| INVOKING Berserk.
  9860 | Lair:1   | 9860 ||| Stepping ~*~*~tactically~*~*~ (stealth).
  9861 | Lair:1   | 9861 ||| Stepping ~*~*~tactically~*~*~ (stealth).
  9877 | Lair:1   | Reached skill level 14 in Axes
 10346 | Lair:1   | 10346 ||| Stepping ~*~*~tactically~*~*~ (stealth).
 10356 | Lair:1   | Reached **** piety under Trog
 10368 | Lair:1   | 10368 ||| INVOKING Berserk.
 10373 | Lair:1   | Reached XP level 11. HP: 92/92 MP: 10/10
 11104 | Lair:1   | 11104 ||| READING 2 scrolls labelled HAUTHUUFYU.
 11105 | Lair:1   | 11105 ||| READING scroll of enchant armour.
 11105 | Lair:1   | 11105 ||| ENCHANTING +0 pair of boots.
 11132 | Lair:2   | Noticed a boulder beetle
 11132 | Lair:2   | Found a shimmering altar of Xom.
 11137 | Lair:2   | 11137 ||| INVOKING Berserk.
 11138 | Lair:2   | 11138 ||| STAIRDANCE
 11307 | Lair:2   | 11307 ||| INVOKING Berserk.
 11307 | Lair:2   | Noticed a death yak
 11311 | Lair:2   | Noticed a death yak
 11312 | Lair:2   | Noticed a death yak
 11312 | Lair:2   | Noticed a death yak
 11315 | Lair:2   | Noticed an eight-headed hydra
 11316 | Lair:2   | Killed a death yak
 11316 | Lair:2   | Noticed a death yak
 11317 | Lair:2   | Reached skill level 15 in Axes
 11319 | Lair:2   | 11319 ||| FLEEEEING.
 11320 | Lair:2   | 11320 ||| STAIRDANCE
 11424 | Lair:2   | 11424 ||| STAIRDANCE
 11426 | Lair:1   | 11426 ||| SWAPPING to -2 eveningstar of venom.
 11426 | Lair:1   | HP: 15/94 [eight-headed hydra (9)]
 11426 | Lair:1   | HP: 7/94 [eight-headed hydra (1)]
 11426 | Lair:1   | Slain by an eight-headed hydra

Levels and vault maps discovered:
D:1:      grunt_arrival_crossed_arrows, layout_loops_corners
D:2:      minmay_diamond_boxcup, layout_basic, basic_altar,
          minmay_misc_feat_roman, nicolae_elevator_lobby_asterisk
D:3:      layout_loops_ring
D:4:      old_forge, layout_basic, grunt_temple_overflow_open,
          minmay_temple_entry_statues_fountains, grunt_decor_fettered
D:5:      layout_loops_ring, tso_altar, uniq_blork_the_orc
D:6:      layout_loops_ring, gammafunk_ghost_stat_death, minmay_misc_feat_cross
D:7:      layout_gridville, mainiacjoe_overflow_boulevard, enter_bailey_3,
          uniq_crazy_yiuf_cottage, uniq_pikel
D:8:      layout_gridville, zin_purify, due_lair_maze_entry_diamond,
          chequers_serial_rivers_small_a, uniq_maurice, uniq_joseph, uniq_maggie
Lair:1:   layout_roguey
Lair:2:   minmay_lair_oklob_tunnel, layout_concentric_octagons,
          nicolae_swamp_entry_splash_gauntlet, basic_altar, uniq_harold

Skill      XL: |  1  2  3  4  5  6  7  8  9 10 11 |
---------------+----------------------------------+-----
Axes           | 4 5 6 7 9 11 12 14 15 | 15.1
Fighting       | 4 5 6 7 8 |  8.1
Throwing       | 2 |  2.0
Shields        | 4 7 8 10 | 10.1
Armour         | 4 6 7 |  7.1
Dodging        | |  2.1

Action                   |  1- 3 |  4- 6 |  7- 9 | 10-12 || total
-------------------------+-------+-------+-------+-------++-------
Melee: Hand axe          |    66 |   109 |    22 |       ||   197
       Headbutt          |    10 |    15 |    44 |    27 ||    96
       War axe           |       |       |   243 |   156 ||   399
Throw: Boomerang         |       |    19 |    52 |    26 ||    97
Invok: Berserk           |     1 |     1 |    10 |     5 ||    17
  Use: Scroll            |     3 |     5 |     6 |     3 ||    17
       Potion            |       |     4 |     4 |     1 ||     9
 Stab: Distracted        |       |     1 |       |       ||     1
Armor: Animal skin       |     8 |       |       |       ||     8
       Scale mail        |     6 |    31 |     4 |       ||    41
       Plate armour      |       |       |   129 |    51 ||   180
Dodge: Dodged            |    39 |    47 |    42 |    35 ||   163
Block: Kite shield       |       |       |    72 |    57 ||   129

Table legend:
 A = Non-vault XP
 B = Vault XP
 C = Vault XP percentage of total XP
 D = Non-vault monster count
 E = Vault monster count
 F = Vault count percentage of total count
                 A         B        C        D         E       F
            +---------+---------+-------+---------+---------+-------
      Total |    8483 |    3934 |  31.7 |     148 |      38 |  20.4
            +---------+---------+-------+---------+---------+-------
        D:1 |      41 |       0 |   0.0 |      23 |       0 |   0.0
        D:2 |     149 |      16 |   9.7 |      17 |       7 |  29.2
        D:3 |     168 |       0 |   0.0 |      13 |       0 |   0.0
        D:4 |     159 |     550 |  77.6 |      15 |      12 |  44.4
        D:5 |     283 |     100 |  26.1 |      17 |       1 |   5.6
        D:6 |     613 |       0 |   0.0 |       6 |       0 |   0.0
        D:7 |    1209 |     601 |  33.2 |      17 |       5 |  22.7
        D:8 |     565 |    2667 |  82.5 |      11 |      13 |  54.2
     Lair:1 |    4489 |       0 |   0.0 |      28 |       0 |   0.0
     Lair:2 |     807 |       0 |   0.0 |       1 |       0 |   0.0
            +---------+---------+-------+---------+---------+-------
